AoeStats
← IsabelSabe

Arena

509457906Analyzed
1v1 RM · 6d ago on Sep 26, 2026· 31m 25s· 2 players
Game mode
Random Map
Map size
Tiny (2 player)
Population
200
Speed
Normal
Resources
Standard
Victory
Conquest
Starting age
Dark Age
Ending age
Imperial Age
RankedLock teamsTeams togetherTeam positionsShared explorationLock speedFull tech treeHidden civsTurbo modeCheats
Victory
Defeat
🇺🇸 Poles · United States
987
+15
🇺🇸 Danes · United States
960
-15
thdrury
8:28 Loom
10:34 Feudal Age
13:02 Double-Bit Axe
14:26 Horse Collar
18:52 Castle Age
17:39 Stone Mining
18:21 Forging
18:16 Scale Mail Armor
19:53 Forging
19:51 Gold Mining
20:54 Chain Mail Armor
32:35 Imperial Age
IsabelSabe
2:57 Loom
10:33 Feudal Age
8:49 Loom
14:37 Castle Age
13:07 Double-Bit Axe
20:11 Horse Collar
27:05 Imperial Age
25:25 Scale Mail Armor
29:32 Chemistry
32:04 Ballistics
Connection lost

Rejoining the realm…

Still unreachable

The connection could not be restored.

Session expired

The server has moved on; the page needs a fresh start.